 Dungeon Crawl Stone Soup version 0.31-a0-559-g03b8d61ab2 (webtiles) character file.

Game seed: 14646747719136978005

3462 Ethylacetat the Insei (level 10, 0/71 HPs)
             Began as an Octopode Gladiator on Aug 17, 2023.
             Was an Initiate of Gozag.
             Slain by a centaur warrior (4 damage)
             ... on level 8 of the Dungeon.
             The game lasted 00:08:02 (5576 turns).

Ethylacetat the Insei (Octopode Gladiator)          Turns: 5576, Time: 00:08:03

Health: 0/71       AC:  1    Str: 16    XL:     10   Next: 6%
Magic:  10/10      EV: 17    Int: 11    God:    Gozag
Gold:   548        SH:  0    Dex: 18    Spells: 9/9 levels left

rFire   . . .        u - +9 arbalest "Hell-Harrower" {flame, rElec rC+ Str+3}
rCold   + . .        (shield currently unavailable)
rNeg    . . .        a - +0 hat
rPois   .            h - amulet of regeneration
rElec   +            (no ring)
rCorr   .            (no ring)
SInv    .            (no ring)
Will    .....        (no ring)
Stlth   +++          (no ring)
HPRegen 1.11/turn    (no ring)
MPRegen 0.12/turn    (no ring)
                     (no ring)

%: no passive effects
@: no status effects
A: almost no armour, amphibious, 8 rings, camouflage 1, gelatinous body 1,
(nimble swimmer 1), tentacles
a: Renounce Religion, Potion Petition, Call Merchant, Bribe Branch


You were on level 8 of the Dungeon.
You worshipped Gozag.
Gozag was pleased with you.
You visited 2 branches of the dungeon, and saw 9 of its levels.

You collected 864 gold pieces.
You spent 196 gold pieces at shops.
You paid 120 gold pieces to Gozag.

Inventory:

Hand Weapons
 u - the +9 arbalest "Hell-Harrower" (weapon) {flame, rElec rC+ Str+3}
   (You found it on level 6 of the Dungeon)

   Str+3:     It affects your strength (+3).
   rC+:       It protects you from cold.
   rElec:     It insulates you from electricity.
Missiles
 b - 5 throwing nets
 c - 4 javelins
Armour
 a - a +0 hat (worn)
Jewellery
 h - an amulet of regeneration (around mantle)
Wands
 o - a wand of quicksilver (2)
Scrolls
 d - 2 scrolls of butterflies
 e - 4 scrolls of teleportation
 f - 6 scrolls of identify
 i - a scroll of enchant armour {unknown}
 j - 3 scrolls of revelation
 k - 2 scrolls of immolation {unknown}
 l - a scroll of noise {unknown}
 n - a scroll of poison {unknown}
 r - 2 scrolls of fog {unknown}
 s - a scroll of enchant weapon {unknown}
 t - a scroll of fear {unknown}
 w - a scroll of amnesia {unknown}
Potions
 g - 4 potions of heal wounds {unknown}
 m - 2 potions of cancellation {unknown}
 p - 3 potions of might {unknown}
 q - a potion of degeneration {unknown}
 v - a potion of mutation {unknown}


   Skills:
 + Level 7.4 Fighting
 * Level 6.6 Ranged Weapons
 - Level 2.0 Throwing
 + Level 7.7 Dodging
 + Level 7.7 Unarmed Combat


You had 9 spell levels left.
You didn't know any spells.
Your spell library contained the following spells:

 Spells                   Type           Power      Damage    Failure   Level
 Apportation              Tloc           0%         N/A       34%         1
 Cigotuvi's Dreadful Rot  Necr/Pois/Air  0%         N/A       47%         2
 Call Canine Familiar     Summ           0%         N/A       71%         3
 Gell's Gravitas          Tloc           0%         N/A       71%         3
 Inner Flame              Hex/Fire       0%         N/A       71%         3
 Portal Projectile        Hex/Tloc       0%         N/A       71%         3
 Teleport Other           Tloc           0%         N/A       71%         3
 Cause Fear               Hex            0%         N/A       98%         4
 Dispel Undead            Necr           0%         3d6       98%         4
 Flame Wave               Conj/Fire      0%         2d4       98%         4
 Leda's Liquefaction      Hex/Erth       0%         N/A       98%         4
 Sticky Flame             Conj/Fire      0%         2d3       98%         4
 Alistair's Intoxication  Tmut/Pois      0%         N/A       100%        5
 Fireball                 Conj/Fire      0%         3d3       100%        5
 Death Channel            Necr           0%         N/A       100%        6
 Dispersal                Tloc           0%         N/A       100%        6
 Dragon's Call            Summ           0%         N/A       100%        9


Dungeon Overview and Level Annotations

Branches:
Dungeon (8/15)             Temple (1/1) D:6
   Lair: D:8-11

Altars:
Ashenzari
Cheibriados
Dithmenos
Elyvilon
Fedhas
Gozag
Hepliaklqana
Kikubaaqudgha
Makhleb
Nemelex Xobeh
Okawaru
Qazlal
Ru
Sif Muna
Trog
Uskayaw
Vehumet
Wu Jian
Xom
Yredelemnul
Zin
The Shining One

Shops:
D:3 *   D:7 *


Innate Abilities, Weirdness & Mutations

You cannot wear most types of armour.
You are amphibious.
You can wear up to eight rings at the same time.
Your skin changes colour to match your surroundings (Stealth+).
Your rubbery body absorbs attacks. (AC +1, EV +1)
((You are camouflaged when in or above water. (Stealth+)))
You have tentacles for arms and can constrict up to eight enemies at once.


Message History

The black bear misses you.
You shoot a bolt. The bolt closely misses the black bear.
The bolt hits the centaur warrior!!
The bolt burns the centaur warrior.
The centaur warrior is heavily wounded.
The black bear closely misses you. The black bear misses you.
The black bear completely misses you. The black bear misses you.
The black bear closely misses you. The black bear completely misses you.
You shoot a bolt. The bolt barely misses the black bear.
The centaur warrior barely misses you. x2; The centaur warrior hits you!
The centaur warrior barely misses you.
The black bear goes berserk!
The centaur warrior hits you. The centaur warrior kicks you.
You shoot a bolt. The bolt hits the black bear!
The bolt burns the black bear.
You kill the black bear!
The centaur warrior is distracted by your dazzling golden aura.
You shoot a bolt. The centaur warrior shouts!
The bolt hits the centaur warrior!
The bolt burns the centaur warrior.
The centaur warrior is no longer distracted by gold.
The centaur warrior is severely wounded.
The centaur warrior hits you! The centaur warrior kicks you.
The centaur warrior misses you. The centaur warrior kicks you.
You shoot a bolt.
The bolt barely misses the centaur warrior.
The centaur warrior hits you! The centaur warrior kicks you.
The centaur warrior hits you!
* * * LOW HITPOINT WARNING * * *
The centaur warrior kicks you.
* * * LOW HITPOINT WARNING * * *
The centaur warrior hits you!
* * * LOW HITPOINT WARNING * * *
The centaur warrior barely misses you.
Fire: u) +9 arbalest "Hell-Harrower" {flame, rElec rC+ Str+3}
Press: ? - help, Q - select action, (/) - cycle Shift-Dir - straight line, f/p - centaur warrior
Aim: a centaur warrior, quivering boomerangs (severely wounded, 76% to hit)
You shoot a bolt. The bolt hits the centaur warrior.
The bolt burns the centaur warrior.
The centaur warrior is severely wounded.
The centaur warrior closely misses you. The centaur warrior kicks you.
You die...
Your body crumbles into a pile of gold.

#....................
#....................
#.........###.......
#.................##
#..................#
#<....###...[......##
#.....# #.[[........#
##....####.###'#######
##.....#
#.####@#######
##.....## #####c$.#
#..##.## ######$##
#.##### #.## #$# .##
#.## ... ## ..## #.#
#..## #.# ...## $.$


You could see a centaur warrior.

Vanquished Creatures
  Jeremiah (D:6)
  Sigmund (D:2)
  A shadow (D:6)
  A vampire mosquito (D:6)
  3 water moccasins
  2 orc warriors (D:6)
  4 black bears
  An ice beast (D:6)
  3 phantoms
  4 bullfrogs
  2 scorpions (D:6)
  5 wights
  A killer bee (D:8)
  6 hounds
  4 gnoll boudas
  3 iguanas (D:6)
  2 scorpion zombies (D:4)
  3 orc wizards
  9 adders
  17 gnolls
  2 shadow imps
  3 white imps (D:6)
  2 ufetubi
  2 adder zombies (D:4)
  2 worms (D:3)
  2 dart slugs
  13 orcs
  4 bats
  3 endoplasms
  5 giant cockroaches
  7 goblins
  5 hobgoblins
  4 jackals (D:1)
  5 kobolds
  6 quokkas
  6 ball pythons
  7 frilled lizards
151 creatures vanquished.

Notes
Turn   | Place    | Note
-------+----------+-------------------------------------------
     0 | D:1      | Ethylacetat the Octopode Gladiator began the quest for the
                  | Orb.
     0 | D:1      | Reached XP level 1. HP: 14/14 MP: 1/1
   120 | D:1      | Reached XP level 2. HP: 19/19 MP: 2/2
   301 | D:1      | Reached XP level 3. HP: 25/25 MP: 3/3
   701 | D:2      | Noticed Sigmund
   706 | D:2      | Killed Sigmund
   707 | D:2      | Reached XP level 4. HP: 33/33 MP: 4/4
   707 | D:2      | Reached XP level 5. HP: 37/37 MP: 5/5
   822 | D:2      | Identified the +9 mace "Giss" {pain, rPois}
  1505 | D:3      | Reached XP level 6. HP: 43/43 MP: 6/6
  1658 | D:3      | Found a radiant altar of Vehumet.
  1786 | D:3      | Found Gaumnoq's Assorted Antiques.
  2845 | D:4      | Reached skill level 5 in Dodging
  2845 | D:4      | Reached skill level 5 in Unarmed Combat
  2845 | D:4      | Reached XP level 7. HP: 49/49 MP: 7/7
  3110 | D:4      | Found a basalt altar of Yredelemnul.
  3317 | D:5      | Entered Level 5 of the Dungeon
  3547 | D:5      | Reached skill level 5 in Fighting
  3841 | D:5      | Reached XP level 8. HP: 32/56 MP: 8/8
  4246 | D:6      | Found a staircase to the Ecumenical Temple.
  4247 | D:6      | Identified the +9 arbalest "Hell-Harrower" {flame, rElec
                  | rC+ Str+3}
  4262 | Temple   | Entered the Ecumenical Temple
  4283 | Temple   | Became a worshipper of Gozag Ym Sagoz the Greedy
  4354 | D:6      | Reached skill level 1 in Ranged Weapons
  4354 | D:6      | Noticed Jeremiah
  4363 | D:6      | Killed Jeremiah
  4435 | D:6      | Identified the +4 long sword of Mourning {flame, Int+3}
  4605 | D:6      | Reached XP level 9. HP: 50/63 MP: 9/9
  4632 | D:6      | Identified the +2 robe of Gestures {-Cast Harm rElec Regen+
                  | Slay-6}
  4784 | D:6      | Reached skill level 5 in Ranged Weapons
  5097 | D:7      | Identified the +6 war axe of Shame {protect, Str+5}
  5345 | D:7      | Found Zisau's Specific Store.
  5348 | D:7      | Found Dutoq's General Store.
  5357 | D:7      | Bought a scroll of revelation for 105 gold pieces
  5361 | D:7      | Bought a scroll of butterflies for 52 gold pieces
  5361 | D:7      | Bought a scroll of teleportation for 39 gold pieces
  5565 | D:8      | Reached XP level 10. HP: 70/71 MP: 10/10
  5570 | D:8      | Noticed a centaur warrior
  5575 | D:8      | HP: 2/71 [centaur warrior (12)]
  5576 | D:8      | Slain by a centaur warrior

Illustrated notes

Levels and vault maps discovered:
D:1:      scummos_arrival_gate, layout_rooms
D:2:      layout_basic, uniq_sigmund
D:3:      layout_loops_ring, nicolae_vehumet_radiance, serial_shops,
          nicolae_shop_tiny_glass
D:4:      layout_loops_corners, nicolae_yredelemnul_corpse_copse
D:5:      layout_cave_pools
D:6:      minmay_opposing_rooms, layout_rooms, minmay_temple_entry_mist,
          st_stairs_12, minmay_microvault, uniq_jeremiah
D:7:      layout_rooms, nicolae_specific_store
D:8:      hangedman_cross_veins, layout_cave_pods,
          grunt_lair_entry_orc_guard_hut, minmay_ruffians
Temple:   nicolae_temple_slightly_damp_pantheon

Skill      XL: |  1  2  3  4  5  6  7  8  9 |
---------------+----------------------------+-----
Fighting       | 3 4 5 6 7 |  7.4
Dodging        | 4 5 6 7 |  7.7
Unarmed Combat | 4 5 6 7 |  7.7
Ranged Weapons | 3 6 |  6.6
Throwing       | |  2.0

Action                     |  1- 3 |  4- 6 |  7- 9 | 10-12 || total
---------------------------+-------+-------+-------+-------++-------
  Melee: Unarmed           |    75 |    92 |    72 |       ||   239
         Constrict         |    19 |    24 |    13 |       ||    56
         Tentacles         |    13 |    24 |    20 |       ||    57
         Punch             |     2 |     2 |     3 |       ||     7
   Fire: Arbalest          |       |       |   104 |    12 ||   116
  Evoke: Wand              |       |       |     9 |       ||     9
    Use: Scroll            |       |       |     2 |       ||     2
   Stab: Sleeping          |     3 |     8 |     3 |       ||    14
 Armour: Skin              |     6 |     5 |     6 |     1 ||    18
  Dodge: Dodged            |    77 |    37 |    69 |    15 ||   198

Table legend: (Time is in decaauts)
 A = Elapsed time spent in this place.
 B = Non-inter-level travel time spent in this place.
 C = Inter-level travel time spent in this place.
 D = Time resting spent in this place.
 E = Time spent auto-exploring this place.
 F = Levels seen in this place.
 G = Mean time per level.
                   A        B        C        D        E       F      G
               +--------+--------+--------+--------+--------+-----+--------+
         Total |   5629 |   5474 |    155 |     59 |   4548 |   9 |  625.4 |
       Dungeon |   5586 |   5471 |    115 |     59 |   4548 |   8 |  698.2 |
        Temple |     42 |      2 |     40 |      0 |      0 |   1 |   42.0 |
               +--------+--------+--------+--------+--------+-----+--------+

Top non-repeatable levels by time:
     D:4: 1114 daAuts
     D:5: 921 daAuts
     D:2: 793 daAuts
     D:6: 788 daAuts
     D:3: 785 daAuts
     D:1: 607 daAuts
     D:7: 522 daAuts
     D:8: 52 daAuts
  Temple: 42 daAuts
